 Dungeon Crawl Stone Soup version 0.30.1-3-gfc49f6343a (webtiles) character file.

Game seed: 11173224490592438963

3053 H0rd4k the Slasher (level 10, -6/73 HPs)
             Began as a Human Artificer on July 20, 2023.
             Was an Initiate of Gozag.
             Mangled by an unseen horror (7 damage)
             ... on level 9 of the Dungeon.
             The game lasted 00:10:49 (8659 turns).

H0rd4k the Slasher (Human Artificer)                Turns: 8659, Time: 00:10:50

Health: -6/73      AC:  4    Str: 12    XL:     10   Next: 11%
Magic:  25/25      EV: 14    Int: 16    God:    Gozag
Gold:   910        SH:  0    Dex: 18    Spells: 18/18 levels left

rFire   + . .        G - +9 great sword "Newtbane" {vamp, rC- MP+9 Dex+7}
rCold   . . .        (shield currently unavailable)
rNeg    . . .        b - +0 leather armour
rPois   .            t - +0 helmet
rElec   .            (no cloak)
rCorr   .            (no gloves)
SInv    .            (no boots)
Will    .....        s - amulet "Gihoromo" {+Blink rF+ Regen+ Dex-3}
Stlth   +++          u - +4 ring of slaying
HPRegen 1.12/turn    C - ring of Xom's Passing Interest {Wiz rC+}
MPRegen 0.19/turn

%: wizardry (x1)
@: about to teleport
A: no striking features
a: Renounce Religion, Evoke Blink, Potion Petition, Call Merchant, Bribe Branch


You were on level 9 of the Dungeon.
You worshipped Gozag.
Gozag was pleased with you.
You visited 2 branches of the dungeon, and saw 10 of its levels.

You collected 1027 gold pieces.
You paid 117 gold pieces to Gozag.

Inventory:

Hand Weapons
 f - a +1 dagger of electrocution
 G - the +9 great sword "Newtbane" (weapon) {vamp, rC- MP+9 Dex+7}
   (You found it on level 5 of the Dungeon)

   Dex:       It affects your dexterity (+7).
   rC:        It makes you vulnerable to cold.
   MP:        It affects your magic capacity (+9).
 K - a +6 short sword
Missiles
 z - 25 poisoned darts
 I - a throwing net
Armour
 b - a +0 leather armour (worn)
 t - a +0 helmet (worn)
Jewellery
 p - a ring of flight
 s - the amulet "Gihoromo" (around neck) {+Blink rF+ Regen+ Dex-3}
   (You acquired it on level 8 of the Dungeon)

   [amulet of regeneration]

   Dex:       It affects your dexterity (-3).
   rF:        It protects you from fire.
   +Blink:    It lets you blink.
   Regen:     It increases your rate of health regeneration.
 u - a +4 ring of slaying (left hand)
 v - a ring of protection from fire
 B - a ring of protection from cold
 C - the ring of Xom's Passing Interest (right hand) {Wiz rC+}
   (You found it on level 5 of the Dungeon)

   [ring of wizardry]

   It improves your spell success rate.
   rC:        It protects you from cold.
 J - a ring of fire
Wands
 d - a wand of charming (9)
Scrolls
 a - a scroll of butterflies {unknown}
 c - a scroll of silence {unknown}
 h - 2 scrolls of torment
 n - 2 scrolls of enchant armour
 o - 2 scrolls of immolation
 q - a scroll of teleportation
 x - a scroll of noise
 E - 2 scrolls of vulnerability {unknown}
 H - 3 scrolls of poison
Potions
 e - a potion of magic {unknown}
 g - 2 potions of mutation
 i - 2 potions of flight
 k - a potion of resistance {unknown}
 l - 5 potions of attraction
 m - a potion of invisibility
 A - a potion of cancellation {unknown}
 F - 2 potions of heal wounds {unknown}
 L - a potion of berserk rage {unknown}


   Skills:
 + Level 4.6 Fighting
 + Level 4.6(6.3) Short Blades
 + Level 6.8(7.4) Long Blades
 - Level 2.0 Armour
 + Level 4.4 Dodging
 + Level 4.8 Stealth
 * Level 4.5 Spellcasting
 + Level 5.4 Evocations


You had 18 spell levels left.
You didn't know any spells.
Your spell library contained the following spells:

 Spells                   Type           Power      Damage    Failure   Level
 Magic Dart               Conj           12%        1d3       9%          1
 Sandblast                Erth           6%         2d5       9%          1
 Passwall                 Tmut/Erth      2%         N/A       12%         2
 Searing Ray              Conj           6%         2d4       12%         2
 Call Canine Familiar     Summ           3%         N/A       24%         3
 Portal Projectile        Hex/Tloc       6%         N/A       24%         3
 Stone Arrow              Conj/Erth      6%         3d7       24%         3
 Tukima's Dance           Hex            3%         N/A       24%         3
 Fulminant Prism          Conj/Hex       1%         3d5       58%         4
 Leda's Liquefaction      Hex/Erth       1%         N/A       58%         4
 Blade Hands              Tmut           1%         N/A       89%         5


Dungeon Overview and Level Annotations

Branches:
Dungeon (9/15)             Temple (1/1) D:6
   Lair: D:8-11         Orc: D:9-12

Altars:
Ashenzari
Dithmenos
Fedhas
Gozag
Makhleb
Nemelex Xobeh
Okawaru
Qazlal
Ru
Sif Muna
Uskayaw
Wu Jian
Yredelemnul
Zin
The Shining One

Shops:
D:8 [   D:9 =!

Annotations:
D:6 1 runed translucent door, exclusion: door, Ijustatesigmund's ghost, novice OpAr
D:8 exclusion: downstairs
D:9 1 exclusion


Message History

There is an open door here.
A killer bee comes into view.
What are your orders? t - Shout!
Orders for allies: a - Attack new target. r - Retreat! s - Stop attacking. g - Guard the area. f - Follow me.
Anything else - Cancel.
You shout for attention!
You hear an angry buzzing noise.
Something hits you.
Deactivating autopickup; reactivate with Ctrl-A.
You hit something. Something hits you! Something barely misses you.
Something hits you! Something hits you. Something hits you. Something hits you.
You slash something! Something hits you but does no damage. Something hits you.
Something hits you!
You closely miss something. Something hits you.
You hit something. Something hits you. x2
You closely miss something. Something hits you! Something hits you!
Something hits you. Something hits you!
* * * LOW HITPOINT WARNING * * *
You feel better. Something hits you. x2
* * * LOW HITPOINT WARNING * * *
As you read the scroll of teleportation, it crumbles to dust.
You feel strangely unstable. Something hits you!
* * * LOW HITPOINT WARNING * * *
Something hits you!
* * * LOW HITPOINT WARNING * * *
You feel better. Something hits you.
* * * LOW HITPOINT WARNING * * *
Something hits you!
* * * LOW HITPOINT WARNING * * *
Something hits you.
* * * LOW HITPOINT WARNING * * *
Something hits you!
You die...
Your body crumbles into a pile of gold.

######## #......###
#........########## #####
#......#.##.......### #....
#......#..#.......'.### #....
#......##.'.......#...###....
#......####.......###.))'....
#......# ##'###### #####..>.
##.##### #@# ##'## #.# #.# #.#
#.# #.# #.# ##.# ##.# #.##
#..# #..# #... ##'####
##.####### ###. #.....###
#........##########. #.....'.#
#...................
#.....#.###........##########.


There were no monsters in sight!

Vanquished Creatures
  A steam dragon (D:9)
  A water moccasin (D:7)
  An ice beast (D:8)
  An orc warrior (D:6)
  A black bear (D:4)
  2 centaurs
  2 ogres (D:6)
  A phantom (D:5)
  Blork the orc (D:6)
  A kobold brigand (D:6)
  3 gnoll sergeants
  2 bullfrogs (D:8)
  A scorpion (D:5)
  12 wights
  A killer bee (D:6)
  2 howler monkeys (D:8)
  3 hounds
  An orc priest (D:3)
  An iguana (D:5)
  A sleepcap (D:8)
  8 orc wizards
  18 gnolls
  7 adders
  A shadow imp (D:7)
  3 worms
  4 dart slugs
  31 orcs
  3 bats
  6 endoplasms
  3 giant cockroaches
  2 goblins (D:3)
  7 hobgoblins
  4 jackals (D:1)
  15 kobolds
  2 quokkas
  7 ball pythons
  A frilled lizard (D:3)
  13 rats
174 creatures vanquished.

Vanquished Creatures (collateral kills)
  A howler monkey (D:7)
  A sleepcap (D:7)
  2 gnolls
  An orc (D:6)
  A hobgoblin (D:2)
6 creatures vanquished.

Vanquished Creatures (others)
  An ice beast (D:7)
  A killer bee (D:6)
  2 gnolls
  An orc (D:6)
5 creatures vanquished.

Grand Total: 185 creatures vanquished

Notes
Turn   | Place    | Note
-------+----------+-------------------------------------------
     0 | D:1      | H0rd4k the Human Artificer began the quest for the Orb.
     0 | D:1      | Reached XP level 1. HP: 15/15 MP: 1/1
   186 | D:1      | Reached XP level 2. HP: 21/21 MP: 2/2
   294 | D:1      | Reached XP level 3. HP: 26/26 MP: 3/3
   916 | D:2      | Reached XP level 4. HP: 11/32 MP: 4/4
  1141 | D:2      | Found a faded altar of an unknown god.
  1400 | D:2      | Reached XP level 5. HP: 37/37 MP: 5/5
  1470 | D:2      | Reached skill level 1 in Short Blades
  2148 | D:3      | Found a blossoming altar of Fedhas.
  2501 | D:3      | Reached XP level 6. HP: 44/44 MP: 6/6
  3043 | D:4      | Noticed a black bear
  3059 | D:4      | Killed a black bear
  3208 | D:4      | Reached skill level 5 in Evocations
  3509 | D:4      | Reached XP level 7. HP: 50/50 MP: 7/7
  4040 | D:5      | Entered Level 5 of the Dungeon
  4064 | D:5      | Identified the ring of Xom's Passing Interest {Wiz rC+}
  4437 | D:5      | Identified the +9 great sword "Newtbane" {vamp, rC- MP+9
                  | Dex+7}
  4903 | D:6      | Found a staircase to the Ecumenical Temple.
  4912 | Temple   | Entered the Ecumenical Temple
  4963 | Temple   | Became a worshipper of Gozag Ym Sagoz the Greedy
  5029 | D:6      | Reached skill level 1 in Spellcasting
  5029 | D:6      | Reached XP level 8. HP: 34/57 MP: 9/9
  5315 | D:6      | Reached skill level 1 in Long Blades
  5764 | D:6      | Reached skill level 2 in Long Blades
  5793 | D:6      | Found a basalt altar of Yredelemnul.
  5793 | D:6      | Found an ornate altar of the Wu Jian Council.
  5794 | D:6      | Found a hide-covered altar of Uskayaw.
  5858 | D:6      | Reached skill level 3 in Long Blades
  5986 | D:6      | Found a runed translucent door.
  5987 | D:6      | Noticed Ijustatesigmund's ghost (novice OpAr)
  6378 | D:6      | Noticed Blork the orc
  6383 | D:6      | Killed Blork the orc
  6384 | D:6      | Reached XP level 9. HP: 64/64 MP: 13/13
  6396 | D:6      | Found a shimmering blue altar of Sif Muna.
  6486 | D:7      | Reached skill level 4 in Long Blades
  6793 | D:7      | Reached skill level 5 in Long Blades
  6856 | D:7      | Noticed a hornet
  7053 | D:8      | Found Fyssag's Armour Shop.
  7341 | D:8      | Reached skill level 6 in Long Blades
  8000 | D:8      | Identified a scroll of acquirement
  8009 | D:8      | Acquired the amulet "Gihoromo" {+Blink rF+ Regen+ Dex-3}
  8083 | D:9      | Reached XP level 10. HP: 35/73 MP: 16/16
  8485 | D:9      | Found Weyguont's Distillery.
  8518 | D:9      | Found Silub's Jewellery Shoppe.
  8658 | D:9      | HP: 2/73 [something (7)]
  8659 | D:9      | Mangled by an unseen horror

Illustrated notes

Levels and vault maps discovered:
D:1:      lightli_iron_boxes, layout_loops_cross, serial_rivers,
          chequers_serial_rivers_small_b, chequers_serial_rivers_micro_c,
          chequers_serial_rivers_small_b, chequers_serial_rivers_room_a
D:2:      layout_basic, shapermc_ecumenical_altar_mp_ritualfount
D:3:      layout_basic, fedhas_altar_1, kennysheep_cross_bottleneck
D:4:      layout_basic, st_stairs_3
D:5:      layout_loops_cross, chequers_arboretum, minivault_1
D:6:      layout_cave_pools, gammafunk_temple_overflow_claw, tgw_sif,
          minmay_temple_entry_antechambers, ebering_ghost_inner_flame,
          nicolae_kite_square_tiling_tiny, minmay_misc_feat_plants
D:7:      layout_gridville
D:8:      layout_basic, serial_shops, shop, roderic_lattice_a,
          hangedman_glass_teeth, nrook_mini_backslash
D:9:      layout_roguey, serial_shops, shop, shop, shop,
          nicolae_shop_gaudy_bauble
Temple:   regret_index_temple_waves

Skill      XL: |  1  2  3  4  5  6  7  8  9 |
---------------+----------------------------+-----
Evocations     | 4 5 |  5.4
Short Blades   | 1 3 4 |  4.6
Stealth        | 2 3 4 |  4.8
Dodging        | 2 3 4 |  4.4
Fighting       | 2 3 4 |  4.6
Spellcasting   | 1 2 4 |  4.5
Long Blades    | 3 6 |  6.8
Armour         | |  2.0

Action                     |  1- 3 |  4- 6 |  7- 9 | 10-12 || total
---------------------------+-------+-------+-------+-------++-------
  Melee: Dagger            |    80 |   162 |    39 |       ||   281
         Club              |     7 |       |       |       ||     7
         Punch             |       |     2 |       |       ||     2
         Great sword       |       |       |   131 |    21 ||   152
  Evoke: Wand              |     5 |    18 |    12 |     5 ||    40
    Use: Scroll            |       |       |    12 |     5 ||    17
         Potion            |       |       |       |     2 ||     2
   Stab: Sleeping          |     2 |     5 |     5 |       ||    12
         Distracted        |       |       |     1 |     1 ||     2
 Armour: Leather armour    |    18 |    30 |    31 |     3 ||    82
  Dodge: Dodged            |    61 |    97 |   148 |    12 ||   318
